 Dungeon Crawl Stone Soup version 0.31-a0-112-gdf0485fa37 (webtiles) character file.

Game seed: 18170719669120276754

60 loir the Poker (level 4, -2/35 HPs)
             Began as a Merfolk Gladiator on May 28, 2023.
             Slain by a centaur (3 damage)
             ... on level 4 of the Dungeon.
             The game lasted 00:08:20 (2324 turns).

loir the Poker (Merfolk Gladiator)                  Turns: 2324, Time: 00:08:20

Health: -2/35      AC:  6    Str: 16    XL:     4   Next: 6%
Magic:  4/4        EV: 13    Int:  7    God:
Gold:   85         SH:  0    Dex: 15    Spells: 3/3 levels left

rFire   . . .        a - +0 trident
rCold   . . .        (no shield)
rNeg    . . .        b - +0 leather armour
rPois   .            c - +0 helmet
rElec   .            h - +0 cloak
rCorr   .            (no gloves)
SInv    .            l - +0 pair of boots
Will    .....        (no amulet)
Stlth   +            (no ring)
HPRegen 0.25/turn    (no ring)
MPRegen 0.09/turn

%: no passive effects
@: no status effects
A: (nimble swimmer 2), mertail
a: no special abilities


You were on level 4 of the Dungeon.
You visited 1 branch of the dungeon, and saw 4 of its levels.

You collected 85 gold pieces.

Inventory:

Hand Weapons
 a - a +0 trident (weapon)
Missiles
 d - 3 throwing nets (quivered)
 e - a javelin
Armour
 b - a +0 leather armour (worn)
 c - a +0 helmet (worn)
 h - a +0 cloak (worn)
 l - a +0 pair of boots (worn)
Jewellery
 o - a ring of magical power
Scrolls
 i - 2 scrolls of identify
 k - a scroll of enchant weapon {unknown}
 m - a scroll of blinking
Potions
 f - a potion of haste
 g - 2 potions of lignification
 j - a potion of curing {unknown}
 n - 2 potions of heal wounds
 p - a potion of cancellation {unknown}


   Skills:
 * Level 3.2 Fighting
 + Level 4.7 Polearms
 + Level 2.5 Throwing
 + Level 4.6 Dodging


You had 3 spell levels left.
You didn't know any spells.
Your spell library contained the following spells:

 Spells                   Type           Power      Damage    Failure   Level
 Volatile Blastmotes      Fire/Tloc      0%         2d10      86%         3
 Fulminant Prism          Conj/Hex       0%         3d5       99%         4
 Iskenderun's Mystic Bla  Conj/Tloc      0%         2d3       99%         4
 Lee's Rapid Deconstruct  Erth           0%         3d4*      100%        5


Dungeon Overview and Level Annotations

Branches:
Dungeon (4/15)
 Temple: D:4-7

Altars:


Innate Abilities, Weirdness & Mutations

((You are very nimble when in or above water. (Stealth+, EV+, Speed+++)))
Your lower body shifts to a powerful aquatic tail in water.


Message History

The centaur shoots an arrow.
The arrow hits you!
You hear a shout!
You reach to attack!
You hit the centaur but do no damage.
The centaur unwields a +0 orcbow.
The centaur hits you. The centaur kicks you.
You are too injured to fight recklessly!
You are too injured to fight recklessly!
You are too injured to fight recklessly!
You are too injured to fight recklessly!
You are too injured to fight recklessly!
You barely miss the centaur. The centaur closely misses you.
The centaur kicks you.
You completely miss the centaur. The centaur hits you.
* * * LOW HITPOINT WARNING * * *
The centaur kicks you but does no damage.
The centaur hits you.
* * * LOW HITPOINT WARNING * * *
The centaur kicks you but does no damage.
You closely miss the centaur.
The centaur hits you but does no damage.
The centaur kicks you but does no damage.
You hit the centaur but do no damage.
The centaur hits you but does no damage.
The centaur closely misses you. The centaur barely misses you.
The centaur closely misses you.
You barely miss the centaur.
The centaur hits you but does no damage.
The centaur barely misses you.
You hit the centaur.
The centaur is lightly wounded.
The centaur hits you.
* * * LOW HITPOINT WARNING * * *
The centaur closely misses you. x2
The centaur kicks you but does no damage.
You barely miss the centaur.
The centaur is lightly wounded.
The centaur hits you.
* * * LOW HITPOINT WARNING * * *
The centaur kicks you but does no damage.
The centaur hits you.
You die...

... . ... ..#
.. ..
......###..
...## ..#......
#....##......##
............###
#.c#........#
#.@.........
##..........
#..........
##.........
#.........
#.....###.
#.#...# ..#...#
.......


You could see a centaur.

Vanquished Creatures
  A worm (D:3)
  6 ball pythons
  4 bats
  6 endoplasms
  3 giant cockroaches
  5 goblins
  5 hobgoblins
  3 jackals (D:1)
  2 quokkas (D:1)
  A frilled lizard (D:1)
  5 kobolds
  9 rats
50 creatures vanquished.

Notes
Turn   | Place    | Note
-------+----------+-------------------------------------------
     0 | D:1      | loir the Merfolk Gladiator began the quest for the Orb.
     0 | D:1      | Reached XP level 1. HP: 16/16 MP: 1/1
   225 | D:1      | Reached XP level 2. HP: 21/23 MP: 2/2
   438 | D:1      | Reached XP level 3. HP: 21/28 MP: 3/3
  1002 | D:2      | Upgraded the game from 0.31-a0-108-gdf935468f2 to
                  | 0.31-a0-112-gdf0485fa37
  1232 | D:2      | Found a faded altar of an unknown god.
  2099 | D:3      | Reached XP level 4. HP: 35/35 MP: 4/4
  2312 | D:4      | Noticed a centaur
  2324 | D:4      | HP: 1/35 [centaur (1)]
  2324 | D:4      | Slain by a centaur

Illustrated notes

Levels and vault maps discovered:
D:1:      dpeg_arrival_court, layout_basic, hangedman_decor_push
D:2:      layout_rooms, dreamdust_ecumenical_altar_hidden_monk_grotto
D:3:      layout_loops_ring
D:4:      layout_cave_pools, nicolae_yredelemnul_corpse_copse,
          nrook_mini_backslash, minmay_manual_moon

Skill      XL: |  1  2  3 |
---------------+----------+-----
Fighting       | 3 |  3.2
Polearms       | |  4.7
Throwing       | |  2.5
Dodging        | |  4.6

Action                     |  1- 3 |  4- 6 || total
---------------------------+-------+-------++-------
  Melee: Trident           |   174 |    15 ||   189
         Punch             |     1 |       ||     1
    Use: Scroll            |     8 |       ||     8
   Stab: Sleeping          |     4 |     1 ||     5
 Armour: Leather armour    |    35 |    10 ||    45
  Dodge: Dodged            |    98 |    11 ||   109

Table legend: (Time is in decaauts)
 A = Elapsed time spent in this place.
 B = Non-inter-level travel time spent in this place.
 C = Inter-level travel time spent in this place.
 D = Time resting spent in this place.
 E = Time spent auto-exploring this place.
 F = Levels seen in this place.
 G = Mean time per level.
                   A        B        C        D        E       F      G
               +--------+--------+--------+--------+--------+-----+--------+
         Total |   2338 |   2228 |    110 |     42 |   1783 |   4 |  584.5 |
       Dungeon |   2338 |   2228 |    110 |     42 |   1783 |   4 |  584.5 |
               +--------+--------+--------+--------+--------+-----+--------+

Top non-repeatable levels by time:
     D:1: 929 daAuts
     D:3: 720 daAuts
     D:2: 673 daAuts
     D:4: 15 daAuts
